 Dungeon Crawl Stone Soup version 0.25.0-10-g039870ee82 (webtiles) character file.

Game seed: 64691809511321876

3647 night the Grappler (level 9, -2/75 HPs)
             Began as a Demonspawn Gladiator on June 23, 2020.
             Was a Plaything of Xom.
             Killed by divine providence
             ... invoked by an orc priest
              (14 damage)
             ... on level 8 of the Dungeon.
             The game lasted 00:22:51 (9621 turns).

night the Grappler (Demonspawn Gladiator)           Turns: 9621, Time: 00:22:52

Health: -2/75      AC:  9    Str: 22    XL:     9   Next: 88%
Magic:  9/9        EV: 14    Int:  9    God:    Xom [......]
Gold:   615        SH:  0    Dex: 25    Spells: 8/8 levels left

rFire    . . .     SeeInvis .     - Unarmed
rCold    . . .     Gourm    .   (no shield)
rNeg     + . .     Faith    .   P - +3 leather armour of the Slug {-Cast MR++ Dex+8 Slay+3}
rPois    .         Spirit   .   (helmet unavailable)
rElec    +         Reflect  .   L - +0 cloak
rCorr    .         Harm     .   v - +0 pair of gloves
MR       ++...     Rnd*Rage +   w - +0 pair of boots Stlth +++.......NoCast +
                                (no amulet)
HPRegen  0.22/turn              o - ring of positive energy
MPRegen  0.11/turn              A - +6 ring of strength

@: no status effects
A: horns 3, thin skeletal structure 1, berserk 1, deterioration 1, nightstalker
1, sense surroundings 1, powered by pain 2, electricity resistance, weak 1,
evolution 1
a: Renounce Religion


You were on level 8 of the Dungeon.
You worshipped Xom.
You were a very special plaything of Xom.
You were not hungry.

You visited 1 branch of the dungeon, and saw 8 of its levels.

You collected 615 gold pieces.

Inventory:

Hand Weapons
 b - the +8 hunting sling "Ufuat" {vorpal, Dex+3}
   (You found it on level 8 of the Dungeon)

   Any stone fired from it inflicts extra damage.
   It affects your dexterity (+3).
 H - a +0 shortbow
Missiles
 c - 3 throwing nets
 f - 241 arrows
 g - 6 javelins
 h - 3 boomerangs of dispersal
 k - 219 stones
 n - 3 boomerangs (quivered)
 B - 8 atropa-tipped darts
 D - 31 bolts
 F - 33 poisoned darts
 G - 64 sling bullets
Armour
 a - a +0 leather armour
 i - a +0 plate armour
 l - a +0 scale mail
 v - a +0 pair of gloves (worn)
 w - a +0 pair of boots (worn)
 L - a +0 cloak (worn)
 P - the +3 leather armour of the Slug (worn) {-Cast MR++ Dex+8 Slay+3}
   (You found it on level 6 of the Dungeon)

   It affects your dexterity (+8).
   It affects your accuracy and damage with ranged weapons and melee attacks
   (+3).
   It affects your resistance to hostile enchantments.
   It prevents spellcasting.
 U - a +0 helmet
Jewellery
 o - a ring of positive energy (left hand)
 t - an uncursed ring of stealth
 A - a +6 ring of strength (right hand)
 M - an uncursed ring of positive energy
 O - a +6 ring of intelligence {unknown}
 Q - an uncursed ring of ice {unknown}
Wands
 u - a wand of polymorph (6)
 R - a wand of enslavement (7)
Scrolls
 e - 2 scrolls of fog {unknown}
 j - 5 scrolls of remove curse
 q - 3 scrolls of identify
 r - 3 scrolls of teleportation
 s - 4 scrolls of enchant weapon {unknown}
 x - a scroll of random uselessness {unknown}
 y - 2 scrolls of immolation {unknown}
 z - a scroll of magic mapping {unknown}
 K - a scroll of silence {unknown}
 N - 2 scrolls of summoning {unknown}
Potions
 m - a potion of flight
 p - 2 potions of brilliance {unknown}
 C - 3 potions of mutation {unknown}
 E - a potion of cancellation {unknown}
 I - a potion of lignification {unknown}
 J - 2 potions of curing
 T - a potion of heal wounds
Comestibles
 d - 18 rations


   Skills:
 + Level 8.5 Fighting
 - Level 1.7 Throwing
 - Level 2.6 Dodging
 * Level 10.9 Unarmed Combat


You had 8 spell levels left.
You didn't know any spells.
Your spell library contained the following spells:

 Spells                   Type           Power        Failure   Level  Hunger
 Animate Skeleton         Necr           N/A          43%         1    ##.....
 Apportation              Tloc           #.....       43%         1    ##.....
 Corona                   Hex            #......      43%         1    ##.....
 Pain                     Necr           #...         43%         1    ##.....
 Summon Small Mammal      Summ           #...         43%         1    ##.....
 Ensorcelled Hibernation  Hex/Ice        #.....       56%         2    ###....
 Confusing Touch          Hex            #.......     80%         3    ####...
 Dazzling Flash           Conj/Hex       #.....       80%         3    ####...
 Tukima's Dance           Hex            #.......     80%         3    ####...
 Vampiric Draining        Necr           #.........   80%         3    ####...
 Animate Dead             Necr           N/A          99%         4    #####..
 Agony                    Necr           #.......     100%        5    ######.


Dungeon Overview and Level Annotations

Branches:
Dungeon (8/15)             Temple (0/1) D:7
   Lair: D:8-11

Altars:
Nemelex Xobeh
Xom


Innate Abilities, Weirdness & Mutations

You have a pair of large horns on your head.
You have a somewhat thin skeletal structure. (Dex +2, Stealth)
You are slightly more attuned to the shadows.
You sometimes gain power by taking damage.
You tend to lose your temper in combat.
Your body sometimes deteriorates upon taking damage.
You passively map a small area around you.
You are resistant to electric shocks. (rElec)
You are weak. (Str -2)
You evolve.


Message History

The sixfirhy is almost dead.
The sixfirhy barely misses you. The sixfirhy hits you! The sixfirhy shocks you.
You resist.
The orc priest looks braver for a moment.
The sixfirhy hits you. The sixfirhy shocks you. You resist.
You are too injured to fight recklessly!
You are too injured to fight recklessly!
You are too injured to fight recklessly!
You are too injured to fight recklessly!
You closely miss the sixfirhy.
The sixfirhy is almost dead.
The sixfirhy barely misses you. The sixfirhy closely misses you.
The sixfirhy hits you!
* * * LOW HITPOINT WARNING * * *
The sixfirhy shocks you. You resist.
* * * LOW HITPOINT WARNING * * *
The orc priest invokes the aid of Beogh against you.
Beogh smites you!
You die...
Xom guffaws!

...##..#######
...##....#...##
..............#
..............#
..............#
..###...###..########
+##*#######...o#....#
........oo3...># ,
,,..........#@...# ,
* ....##.o5##....# ,
*,.... #..o#####+#
.......)o......
............... ,
.###...###...* *
#...# ,.. , ..... , .
,, #..... ,,


You could see a sixfirhy (summoned) and 3 orc priests.

Vanquished Creatures
  A two-headed ogre (D:8)
  Grinder (D:4)
  A spriggan (D:7)
  4 orc warriors
  A sky beast (D:7)
  2 ice beasts
  A hornet zombie (D:7)
  2 centaurs
  2 phantoms
  A big kobold (D:8)
  A bullfrog (D:7)
  2 scorpions
  4 crimson imps
  2 howler monkeys
  3 orc wizards
  6 hounds
  A bullfrog skeleton (D:4)
  A gnoll shaman (D:4)
  5 orc priests
  2 jellies (D:7)
  Natasha (twice) (D:4)
  An iguana (D:5)
  4 worker ants
  Robin (D:2)
  A howler monkey zombie (D:7)
  A worker ant zombie (D:7)
  13 adders
  7 gnolls
  4 shadow imps
  2 adder zombies
  2 adder skeletons
  2 worms (D:3)
  2 dart slugs
  6 leopard geckos
  24 orcs
  16 bats
  6 giant cockroaches
  7 hobgoblins
  7 jackals
  4 quokkas
  3 ball pythons
  A ball python skeleton (D:4)
  8 frilled lizards
  24 goblins
  A jackal skeleton (D:5)
  15 kobolds
  5 rats
212 creatures vanquished.

Vanquished Creatures (collateral kills)
  A hound skeleton (D:4)
1 creature vanquished.

Grand Total: 213 creatures vanquished

Notes
Turn   | Place    | Note
-------+----------+-------------------------------------------
     0 | D:1      | night the Demonspawn Gladiator began the quest for the Orb.
     0 | D:1      | Reached XP level 1. HP: 16/16 MP: 1/1
   346 | D:1      | Reached skill level 3 in Unarmed Combat
   359 | D:1      | Gained mutation: You have a pair of small horns on your
                  | head. [demonic ancestry]
   359 | D:1      | Reached XP level 2. HP: 20/22 MP: 2/2
   730 | D:1      | Gained mutation: You have a somewhat thin skeletal
                  | structure. (Dex +2, Stealth) [demonic ancestry]
   730 | D:1      | Reached XP level 3. HP: 27/28 MP: 3/3
  1279 | D:2      | Found a shimmering altar of Xom.
  1302 | D:2      | Became a worshipper of Xom of Chaos
  1337 | D:2      | Noticed Robin
  1384 | D:2      | Reached skill level 4 in Unarmed Combat
  1401 | D:2      | Killed Robin
  1401 | D:2      | Reached XP level 4. HP: 9/34 MP: 4/4
  1817 | D:2      | XOM: silly message
  2010 | D:3      | Gained mutation: You have a pair of horns on your head.
                  | [demonic ancestry]
  2010 | D:3      | Reached XP level 5. HP: 41/41 MP: 5/5
  2056 | D:3      | Found a sparkling altar of Nemelex Xobeh.
  2056 | D:3      | XOM: 3-stop teleportation journey
  2062 | D:3      | XOM: potion effect (berserk rage)
  2127 | D:3      | XOM: silly message
  2132 | D:3      | XOM: silly message
  2140 | D:3      | XOM: 1-stop teleportation journey
  2158 | D:3      | Reached skill level 5 in Unarmed Combat
  2278 | D:3      | XOM: give mutations
  2278 | D:3      | Gained mutation: Your flesh is heat resistant. (rF+) [Xom's
                  | mischief]
  2278 | D:3      | Gained mutation: You are resistant to electric shocks.
                  | (rElec) [Xom's mischief]
  2278 | D:3      | Gained mutation: Armour fits poorly on your strangely
                  | shaped body. [Xom's mischief]
  2418 | D:3      | XOM: 3-stop teleportation journey
  2445 | D:3      | Reached XP level 6. HP: 30/48 MP: 6/6
  2665 | D:3      | XOM: divination: detect items
  2668 | D:3      | XOM: confuse monster(s)
  3008 | D:3      | XOM: god gift: lumpy orange potion {god gift}
  3167 | D:3      | XOM: god gift: ration
  3707 | D:4      | XOM: summons friendly white imp
  3925 | D:4      | Reached skill level 6 in Unarmed Combat
  4063 | D:4      | XOM: god gift: glowing falchion {god gift}
  4134 | D:4      | Noticed Natasha
  4134 | D:4      | Noticed Blork the orc
  4135 | D:4      | XOM: repel stairs
  4142 | D:4      | Killed Natasha
  4146 | D:4      | XOM: noise
  4165 | D:4      | Noticed Blork
  4165 | D:4      | Blork the orc changed into Blork the centaur
  4166 | D:4      | XOM: scenery: 1 doors close
  4169 | D:4      | Killed Blork the centaur
  4169 | D:4      | Gained mutation: You are slightly more attuned to the
                  | shadows. [demonic ancestry]
  4169 | D:4      | Reached XP level 7. HP: 19/55 MP: 7/7
  4173 | D:4      | XOM: divination: detect creatures
  4335 | D:4      | XOM: scenery: 1 doors open
  4410 | D:4      | Noticed Natasha
  4419 | D:4      | XOM: summons 7 friendly demons
  4420 | D:4      | Killed Natasha
  4467 | D:4      | XOM: give mutations
  4467 | D:4      | Gained mutation: Your muscles are strong. (Str +2) [Xom's
                  | grace]
  4467 | D:4      | Gained mutation: You evolve. [Xom's grace]
  4467 | D:4      | Gained mutation: You passively map a small area around you.
                  | [Xom's grace]
  4467 | D:4      | Gained mutation: You have a pair of large horns on your
                  | head. [Xom's grace]
  4575 | D:4      | Noticed Grinder
  4581 | D:4      | XOM: noise
  4582 | D:4      | XOM: potion effect (stabbing)
  4588 | D:4      | Killed Grinder
  4588 | D:4      | Reached skill level 5 in Fighting
  4588 | D:4      | Reached skill level 7 in Unarmed Combat
  4595 | D:4      | XOM: god gift: 20 stones
  4792 | D:4      | XOM: silly message
  4829 | D:4      | Gained mutation: You sometimes gain a little power by
                  | taking damage. [demonic ancestry]
  4829 | D:4      | Reached XP level 8. HP: 41/63 MP: 8/8
  5093 | D:5      | Entered Level 5 of the Dungeon
  5099 | D:5      | XOM: 1-stop teleportation journey
  5161 | D:4      | XOM: polymorph orc -> adder
  5516 | D:5      | XOM: give mutations
  5516 | D:5      | Lost mutation: Armour fits poorly on your strangely shaped
                  | body. [Xom's mischief]
  5516 | D:5      | Gained mutation: Your body sometimes deteriorates upon
                  | taking damage. [Xom's mischief]
  5599 | D:5      | Reached skill level 8 in Unarmed Combat
  6506 | D:5      | XOM: repel stairs
  6511 | D:5      | XOM: give mutations
  6511 | D:5      | Lost mutation: Your muscles are strong. (Str +2) [Xom's
                  | mischief]
  6511 | D:5      | Gained mutation: You are agile. (Dex +2) [Xom's mischief]
  6658 | D:5      | XOM: summons 8 friendly demons
  6938 | D:5      | XOM: summons 5 hostile demons
  7184 | D:6      | Got a polished leather armour
  7194 | D:6      | Identified the +3 leather armour of the Slug {-Cast MR++
                  | Dex+8 Slay+3} (You found it on level 6 of the Dungeon)
  7371 | D:6      | XOM: silly message
  7435 | D:6      | XOM: give mutation
  7435 | D:6      | Lost mutation: You are agile. (Dex +2) [Xom's mischief]
  7480 | D:6      | XOM: fog
  7487 | D:6      | Reached skill level 9 in Unarmed Combat
  7665 | D:6      | Gained mutation: Your spells are a little harder to cast,
                  | but a little more powerful. [evolution]
  7870 | D:7      | XOM: potion effect (heal wounds)
  8000 | D:7      | XOM: 1-stop teleportation journey
  8004 | D:7      | Gained mutation: You sometimes gain power by taking damage.
                  | [demonic ancestry]
  8004 | D:7      | Reached XP level 9. HP: 65/72 MP: 9/9
  8123 | D:7      | XOM: give mutations
  8123 | D:7      | Gained mutation: You tend to lose your temper in combat.
                  | [Xom's mischief]
  8123 | D:7      | Lost mutation: Your flesh is heat resistant. (rF+) [Xom's
                  | mischief]
  8387 | D:7      | Found a staircase to the Ecumenical Temple.
  8719 | D:7      | XOM: give mutations
  8719 | D:7      | Lost mutation: Your spells are a little harder to cast, but
                  | a little more powerful. [Xom's mischief]
  8719 | D:7      | Gained mutation: You are weak. (Str -2) [Xom's mischief]
  8828 | D:7      | Reached skill level 10 in Unarmed Combat
  8848 | D:7      | XOM: summons 3 hostile shadow creatures
  9216 | D:8      | Got a faintly glowing hunting sling
  9216 | D:8      | Identified the +8 hunting sling "Ufuat" {vorpal, Dex+3}
                  | (You found it on level 8 of the Dungeon)
  9262 | D:8      | Noticed a two-headed ogre
  9269 | D:8      | Killed a two-headed ogre
  9319 | D:8      | Noticed a two-headed ogre
  9324 | D:8      | XOM: butterfly on damage
  9347 | D:8      | XOM: 3-stop teleportation journey
  9608 | D:8      | XOM: summons 2 hostile demons
  9609 | D:8      | Noticed a sixfirhy
  9621 | D:8      | Killed from afar by an orc priest

Illustrated notes

Levels and vault maps discovered:
D:1:      mrwooster_arrival_statue_2, layout_basic
D:2:      layout_rooms, xom_teletrap_fun, uniq_robin
D:3:      minmay_wonky_spiral, layout_basic, lemuel_crystal_altar, st_stairs_5,
          minmay_misc_feat_room, nrook_loot_triangle
D:4:      mumra_celtic_spiral_tile, layout_basic, first_ration,
          serial_corexii_hall, chequers_hall_statues_corner_a,
          corexii_hall_statues_l, kennysheep_cluttered_room, st_stairs_5,
          guppyfry_early_lair_pool, uniq_blork_the_orc, uniq_grinder,
          uniq_natasha
D:5:      minmay_skewed_foursquare, layout_layer_cave
D:6:      layout_loops_corners
D:7:      layout_loops_corners, minmay_temple_entry_grid, the_bakery,
          minmay_misc_feat_secret_circle
D:8:      layout_gridville

Skill      XL: |  1  2  3  4  5  6  7  8  9 |
---------------+----------------------------+-----
Unarmed Combat | 3 4 5 6 7 9 10 | 10.9
Fighting       | 3 4 5 7 8 |  8.5
Throwing       | |  1.7
Dodging        | |  2.6

Action                   |  1- 3 |  4- 6 |  7- 9 || total
-------------------------+-------+-------+-------++-------
Melee: Unarmed           |   172 |   217 |   258 ||   647
       Headbutt          |    26 |    41 |    84 ||   151
       Punch             |     1 |     1 |    15 ||    17
 Fire: Hunting sling     |       |       |     4 ||     4
Throw: Boomerang         |       |       |     3 ||     3
       Dart              |       |       |     1 ||     1
Evoke: Wand              |       |     2 |     2 ||     4
  Use: Scroll            |       |     4 |       ||     4
       Potion            |       |     1 |     2 ||     3
 Stab: Distracted        |       |     1 |     1 ||     2
       Confused          |       |     1 |       ||     1
       Sleeping          |       |       |    14 ||    14
  Eat: Chunk             |     1 |     9 |    14 ||    24
       Ration            |       |       |     1 ||     1
Armor: Leather armour    |    16 |       |    28 ||    44
       Plate armour      |    93 |   159 |    32 ||   284
       Scale mail        |       |       |    22 ||    22
Dodge: Dodged            |    66 |    67 |   137 ||   270
